 Dungeon Crawl Stone Soup version 0.31-a0-627-gd65175cf8b (webtiles) character file.

Game seed: 18232405219764515413

2863 Ijustatesigmund the Thaumaturge (level 9, -5/53 HPs)
             Began as a Deep Elf Earth Elementalist on Aug 25, 2023.
             Was a Follower of Cheibriados.
             Succumbed to Duvessa's poison
             ... on level 7 of the Dungeon.
             The game lasted 00:20:22 (9366 turns).

Ijustatesigmund the Thaumaturge (DEEE)              Turns: 9366, Time: 00:20:22

Health: -5/53      AC:  4    Str:  2    XL:     9   Next: 47%
Magic:  21/25      EV: 15    Int: 27    God:    Cheibriados [*.....]
Gold:   396        SH:  0    Dex: 17    Spells: 20/28 levels left

rFire   . . .        d - +6 quarterstaff of Tol Ruuj {heavy, rElec rN++ Will+ Str-5}
rCold   . . .        (shield currently unavailable)
rNeg    + + .        a - +1 robe
rPois   .            (no helmet)
rElec   +            (no cloak)
rCorr   .            n - +0 pair of gloves
SInv    +            (no boots)
Will    +....        (no amulet)
Stlth   ++           m - ring of see invisible
HPRegen 1.08/turn    r - ring of wizardry
MPRegen 0.19/turn

%: wizardry (x1)
@: lethally poisoned (-5 -> -37), very slow
A: regeneration 1
a: Renounce Religion, Bend Time


You were on level 7 of the Dungeon.
You worshipped Cheibriados.
Cheibriados was aware of your devotion.
You visited 2 branches of the dungeon, and saw 8 of its levels.

You collected 444 gold pieces.
You spent 48 gold pieces at shops.

Inventory:

Hand Weapons
 d - the +6 quarterstaff of Tol Ruuj (weapon) {heavy, rElec rN++ Will+ Str-5}
   (You found it on level 6 of the Dungeon)

   Str-5:     It affects your strength (-5).
   rElec:     It insulates you from electricity.
   rN++:      It greatly protects you from negative energy.
   Will+:     It increases your willpower.
Armour
 a - a +1 robe (worn)
 n - a +0 pair of gloves (worn)
Jewellery
 f - the ring "Dyqi" {rCorr AC+4 Str-5 Dex+3}
   (You found it on level 5 of the Dungeon)

   [ring of protection]

   AC+4:      It affects your AC (+4).
   Str-5:     It affects your strength (-5).
   Dex+3:     It affects your dexterity (+3).
   rCorr:     It protects you from acid and corrosion.
 m - a ring of see invisible (left hand)
 r - a ring of wizardry (right hand)
Wands
 i - a wand of flame (14)
Scrolls
 g - a scroll of fear
 l - 2 scrolls of immolation
 o - a scroll of blinking
Potions
 b - a potion of magic
 c - a potion of haste
 e - a potion of resistance
 h - 2 potions of enlightenment
 j - a potion of attraction {unknown}


   Skills:
 + Level 4.8 Fighting
 - Level 0.1 Short Blades
 + Level 2.1 Staves
 - Level 5.6 Dodging
 - Level 2.4 Stealth
 + Level 10.0 Spellcasting
 - Level 5.5 Conjurations
 - Level 4.0 Transmutations
 - Level 4.8 Earth Magic
 + Level 2.7 Invocations


You had 20 spell levels left.
You knew the following spells:

 Your Spells              Type           Power      Damage    Failure   Level
a - Sandblast             Erth           78%        2d17      1%          1
b - Stone Arrow           Conj/Erth      82%        3d12      1%          3
c - Petrify               Tmut/Erth      37%        N/A       2%          4

Your spell library contained the following spells:

 Spells                   Type           Power      Damage    Failure   Level
 Passwall                 Tmut/Erth      30%        N/A       1%          2


Dungeon Overview and Level Annotations

Branches:
Dungeon (7/15)             Temple (1/1) D:6

Altars:
Ashenzari
Cheibriados
Dithmenos
Fedhas
Kikubaaqudgha
Makhleb
Nemelex Xobeh
Okawaru
Qazlal
Sif Muna
Vehumet
Wu Jian
Xom
Yredelemnul
Zin
The Shining One

Shops:
D:2 *   D:4 :

Annotations:
D:5 2 runed translucent doors, Seven7's ghost, novice MiFi
D:7 Duvessa


Innate Abilities, Weirdness & Mutations

Your natural rate of healing is unusually fast.


Message History

Duvessa is heavily wounded.
Your surroundings suddenly seem different.
There is a stone staircase leading down here.
You start resting.
HP restored.
You start resting.
Magic restored.
A kobold is nearby!
Casting: Stone Arrow (safe; 1% risk of failure)
Confirm with . or Enter, or press ? or * to list all spells.
You can't see any susceptible monsters within range! (Use Z to cast anyway.)
Casting: Stone Arrow (safe; 1% risk of failure)
Confirm with . or Enter, or press ? or * to list all spells.
Aiming: Sandblast (safe; 1% risk of failure)
Press: ? - help, Shift-Dir - straight line, f - kobold
Aim: a kobold, wielding a +0 club (wandering, hasn't noticed you, 80% to hit)
The blast of sand hits the kobold!!
You kill the kobold!
Cheibriados appreciates the change of pace.
Things that are here:
a +0 dagger; 4 stones Duvessa hits you with a +1 short sword of venom!
You are poisoned.
Casting: Sandblast (safe; 1% risk of failure)
Confirm with . or Enter, or press ? or * to list all spells.
Aiming: Petrify (dangerous; 2% risk of failure)
Press: ? - help, Shift-Dir - straight line, f - Duvessa
Aim: Duvessa, wielding a +1 short sword of venom and wearing a +0 chain mail (lightly wounded, berserk, chance to affect: 47%) Duvessa is moving more slowly.
You feel very sick.
Duvessa hits you with a +1 short sword of venom!
You are lethally poisoned!
You feel very sick.
Duvessa hits you with a +1 short sword of venom!
* * * LOW HITPOINT WARNING * * *
You are more poisoned.
Okay, then.
It was a potion of mutation.
You feel extremely strange.
You begin to heal more quickly.
You die...

###...#####....##...#.........
##.## ##≈≈≈≈≈≈≈........... ##.#
##......).........# #####..#
#~.~.~...####....# .......#
#........## ....#
.......########...##....# ....#
#####............####...##...#..
#.............###.......# ..
##..........)@e##.......##
#..####....##..........##
####..# ###..#####'''###.#
.....## ##....# ...# #.. ......#
##.....# e...# ##.
####..###...#### ...$.#
.####..#...## ....)#
...#......## ..K..# .........##
....K#


You could see Duvessa (berserk, petrifying).

Vanquished Creatures
  4 orc warriors
  2 sky beasts (D:6)
  An ogre (D:4)
  2 centaurs (D:5)
  5 phantoms
  6 scorpions (D:4)
  Dowan (D:7)
  5 wights (D:6)
  4 killer bees
  A howler monkey (D:5)
  4 orc priests
  4 hounds
  2 jellies
  2 gnoll boudas
  2 iguanas
  3 orc wizards (D:7)
  14 gnolls
  8 adders
  2 white imps
  An ufetubus (D:5)
  A worm (D:3)
  5 dart slugs
  13 orcs
  5 ball pythons
  10 bats
  6 endoplasms
  3 giant cockroaches
  4 goblins
  3 hobgoblins
  7 jackals
  10 kobolds
  3 quokkas
  4 frilled lizards
  3 rats (D:1)
150 creatures vanquished.

Vanquished Creatures (collateral kills)
  A bat (D:2)
1 creature vanquished.

Vanquished Creatures (others)
  An orc wizard (D:7)
1 creature vanquished.

Grand Total: 152 creatures vanquished

Notes
Turn   | Place    | Note
-------+----------+-------------------------------------------
     0 | D:1      | Ijustatesigmund the Deep Elf Earth Elementalist began the
                  | quest for the Orb.
     0 | D:1      | Reached XP level 1. HP: 10/10 MP: 6/6
   181 | D:1      | Reached XP level 2. HP: 16/16 MP: 5/8
   541 | D:1      | Reached skill level 1 in Fighting
  1114 | D:1      | Reached XP level 3. HP: 20/20 MP: 6/10
  1379 | D:2      | Reached skill level 4 in Spellcasting
  1532 | D:2      | Learned a level 3 spell: Stone Arrow
  1641 | D:2      | Reached XP level 4. HP: 22/25 MP: 9/12
  1927 | D:2      | Found Heut's General Store.
  1930 | D:2      | Bought a potion of degeneration for 12 gold pieces
  1930 | D:2      | Bought a potion of curing for 36 gold pieces
  2059 | D:3      | Found a shadowy altar of Dithmenos.
  2545 | D:3      | Reached skill level 1 in Conjurations
  2577 | D:3      | Identified the +5 dagger of Ihou {drain, Fragile rElec
                  | Will++ SInv}
  2639 | D:3      | Found a burning altar of Makhleb.
  3048 | D:4      | Found a shimmering altar of Xom.
  3099 | D:4      | Found Teidutyi's Book Emporium.
  3349 | D:4      | Noticed a scorpion
  3350 | D:4      | Reached XP level 5. HP: 30/30 MP: 11/14
  3363 | D:4      | Reached skill level 5 in Spellcasting
  3431 | D:4      | Noticed a phantom
  3437 | D:4      | Killed a phantom
  3438 | D:4      | Reached XP level 6. HP: 36/36 MP: 11/16
  3829 | D:4      | Reached skill level 6 in Spellcasting
  3937 | D:4      | Found an ancient bone altar of Kikubaaqudgha.
  3959 | D:4      | Reached XP level 7. HP: 41/41 MP: 5/18
  4305 | D:4      | Found the +11 Singing Sword {sonic wave}
  4823 | D:5      | Entered Level 5 of the Dungeon
  4851 | D:5      | Reached skill level 7 in Spellcasting
  5176 | D:5      | Reached skill level 5 in Conjurations
  5176 | D:5      | Reached XP level 8. HP: 37/48 MP: 12/21
  5288 | D:5      | Identified the ring "Dyqi" {rCorr AC+4 Str-5 Dex+3}
  5338 | D:5      | Found a large runed translucent door.
  5339 | D:5      | Found a large runed translucent door.
  5351 | D:5      | Noticed Seven7's ghost (novice MiFi)
  5611 | D:5      | Reached skill level 8 in Spellcasting
  5762 | D:5      | Found an iron altar of Okawaru.
  6279 | D:6      | Found a staircase to the Ecumenical Temple.
  6300 | D:6      | Learned a level 4 spell: Petrify
  6834 | D:6      | Reached skill level 5 in Dodging
  6837 | D:6      | Reached skill level 9 in Spellcasting
  6918 | D:6      | Found an ornate altar of the Wu Jian Council.
  6984 | D:6      | Reached XP level 9. HP: 52/52 MP: 9/24
  7211 | Temple   | Entered the Ecumenical Temple
  7432 | Temple   | Became a worshipper of Cheibriados the Contemplative
  7528 | D:6      | Identified the +6 quarterstaff of Tol Ruuj {heavy, rElec
                  | rN++ Will+ Str-5}
  7876 | D:6      | Reached skill level 1 in Invocations
  8338 | D:7      | Reached skill level 1 in Staves
  8384 | D:7      | Reached * piety under Cheibriados
  8690 | D:7      | Noticed Duvessa
  8698 | D:7      | Noticed Dowan
  8707 | D:7      | HP: 2/52 [poisoned by Duvessa]
  8891 | D:7      | Found a shimmering blue altar of Sif Muna.
  8972 | D:7      | Killed Dowan
  9190 | D:7      | Reached skill level 10 in Spellcasting
  9365 | D:7      | HP: 2/53 [Duvessa/+1 short sword of venom (14)]
  9366 | D:7      | Gained mutation: Your natural rate of healing is unusually
                  | fast. [potion of mutation]
  9366 | D:7      | Succumbed to Duvessa's poison

Illustrated notes

Levels and vault maps discovered:
D:1:      dpeg_arrival_rhombi, layout_loops_ring
D:2:      layout_rooms, serial_shops, nicolae_shop_real_fake_doors,
          grunt_decor_one_mirror
D:3:      layout_loops_corners, mainiacjoe_overflow_alcove_1, marbit_many_paths,
          dk_vineyard_3
D:4:      old_forge, layout_basic, old_standard_altar, kennysheep_little_box,
          serial_shops, shop
D:5:      layout_gridville, mainiacjoe_overflow_alcove_2,
          ebering_ghost_disaster_area
D:6:      layout_loops_ring, mainiacjoe_overflow_24_doors,
          minmay_temple_entry_slanted, feat_on_display
D:7:      cheibrodos_fertilizer, layout_layer_cave,
          nicolae_overflow_crystal_walls, kennysheep_orc_sif_temple,
          serial_rivers, chequers_serial_rivers_micro_d,
          chequers_serial_rivers_micro_c, chequers_serial_rivers_micro_e,
          chequers_serial_rivers_room_b, uniq_duvessa
Temple:   jpeg_temple_island

Skill      XL: |  1  2  3  4  5  6  7  8  9 |
---------------+----------------------------+-----
Fighting       | 1 2 3 4 |  4.8
Spellcasting   | 4 5 6 7 9 10 | 10.0
Earth Magic    | 4 |  4.8
Conjurations   | 1 2 3 5 |  5.5
Dodging        | 5 |  5.6
Transmutations | 3 4 |  4.0
Invocations    | 2 |  2.7
Staves         | 2 |  2.1
Short Blades   | |  0.1
Stealth        | |  2.4

Action                     |  1- 3 |  4- 6 |  7- 9 || total
---------------------------+-------+-------+-------++-------
  Melee: Dagger            |     1 |       |       ||     1
         Spear             |       |    28 |     9 ||    37
         Punch             |       |     1 |       ||     1
         Halberd           |       |       |    15 ||    15
         Quarterstaff      |       |       |    30 ||    30
   Cast: Sandblast         |    42 |    63 |    69 ||   174
         Stone Arrow       |       |     7 |    84 ||    91
         Petrify           |       |       |     8 ||     8
  Evoke: Wand              |       |       |     2 ||     2
    Use: Scroll            |       |     9 |     7 ||    16
         Potion            |       |     3 |     3 ||     6
   Stab: Sleeping          |       |       |     1 ||     1
         Petrified         |       |       |     2 ||     2
         Petrifying        |       |       |     1 ||     1
 Armour: Robe              |     2 |    23 |    21 ||    46
  Dodge: Dodged            |     5 |    62 |    95 ||   162

Table legend: (Time is in decaauts)
 A = Elapsed time spent in this place.
 B = Non-inter-level travel time spent in this place.
 C = Inter-level travel time spent in this place.
 D = Time resting spent in this place.
 E = Time spent auto-exploring this place.
 F = Levels seen in this place.
 G = Mean time per level.
                   A        B        C        D        E       F      G
               +--------+--------+--------+--------+--------+-----+--------+
         Total |   9794 |   9474 |    320 |   2520 |   5783 |   8 | 1224.2 |
       Dungeon |   9539 |   9252 |    287 |   2333 |   5783 |   7 | 1362.7 |
        Temple |    254 |    221 |     33 |    187 |      0 |   1 |  254.0 |
               +--------+--------+--------+--------+--------+-----+--------+

Top non-repeatable levels by time:
     D:4: 1819 daAuts
     D:6: 1671 daAuts
     D:7: 1520 daAuts
     D:5: 1464 daAuts
     D:1: 1323 daAuts
     D:3: 1034 daAuts
     D:2: 705 daAuts
  Temple: 254 daAuts
